 Dungeon Crawl Stone Soup version 0.16.1-29-g3e760ad (webtiles) character file.

329 sscrono2 the Covert (level 6, 0/40 HPs)
             Began as an Octopode Assassin on June 12, 2015.
             Was an Initiate of Kikubaaqudgha.
             Slain by an orc wizard
             ... wielding a +0 dagger
              (3 damage)
             ... on level 4 of the Dungeon.
             The game lasted 00:13:12 (4136 turns).

sscrono2 the Covert (Octopode Assassin)             Turns: 4136, Time: 00:13:12

Health: 0/40       AC:  1    Str: 10    XL:     6   Next: 50%
Magic:  11/11      EV: 14    Int: 16    God:    Kikubaaqudgha [......]
Gold:   138        SH:  0    Dex: 19    Spells: 0 memorised, 9 levels left

rFire  . . .     SeeInvis .     a - +3 dagger (venom)
rCold  . . .     Clarity  .     (no shield)
rNeg   . . .     SustAb   .     (helmet restricted)
rPois  +         Gourm    .     (no amulet)
rElec  .         Spirit   .     n - +2 ring of intelligence
rCorr  .         Warding  .     o - +4 ring of dexterity
rMut   .         Stasis   .     (no ring)
MR     .....                    (no ring)
Stlth  +++.......               (no ring)
                                (no ring)
                                (no ring)
                                (no ring)

@: confused, not resistant to hostile enchantments, fairly stealthy
A: almost no armour, amphibious, 8 rings, constrict 8, camouflage 1, poison
resistance, gelatinous body 1
a: Renounce Religion


You were on level 4 of the Dungeon.
You worshipped Kikubaaqudgha.
Kikubaaqudgha was noncommittal.
You were very full.

You visited 2 branches of the dungeon, and saw 5 of its levels.

You collected 138 gold pieces.

Inventory:

Hand weapons
 a - a +3 dagger of venom (weapon)
 b - a +0 blowgun
 d - a +2 dagger
Missiles
 p - 3 needles of slowing
Jewellery
 h - an uncursed ring of teleportation
 n - a +2 ring of intelligence (left tentacle)
 o - a +4 ring of dexterity (right tentacle)
Magical devices
 u - a wand of confusion (26)
Scrolls
 c - 3 scrolls of teleportation
 i - 2 scrolls of enchant armour
 r - a scroll of fear {unknown}
 t - a scroll of remove curse
Potions
 j - 2 potions of brilliance
 l - 2 potions of haste
 q - a potion of resistance
Comestibles
 g - a bread ration
 m - a meat ration


   Skills:
 + Level 2.3 Fighting
 + Level 2.3 Short Blades
 + Level 2.3 Throwing
 + Level 2.8 Dodging
 + Level 8.0 Stealth
 * Level 2.3 Spellcasting
 * Level 1.1 Necromancy


You had 9 spell levels left.
You didn't know any spells.

Dungeon Overview and Level Annotations

Branches:
Dungeon (4/15)             Temple (1/1) D:4

Altars:
Dithmenos
Elyvilon
Fedhas
Kikubaaqudgha
Okawaru
Qazlal
Ru
Sif Muna
Yredelemnul
Zin


Innate Abilities, Weirdness & Mutations

You cannot wear most types of armour.
You are amphibious.
You can wear up to eight rings at the same time.
You can use your tentacles to constrict many enemies at once.
Your skin changes colour to match your surroundings (Stealth).
Your rubbery body absorbs attacks (AC +1).
Your system is resistant to poisons.


Message History

The orc shouts!
You puncture the orc!
You kill the orc!
Kikubaaqudgha accepts your kill.
You hear some strange, mumbled words.
You are confused.
You're too confused to move!
You hear some strange, mumbled words.
Something tries to affect you, but you resist.
You bump into the rock wall.
Drink which item? (? for menu, Esc to quit)
Okay, then.
You're too confused!
You're too confused!
You're too confused!
Unknown command.
You're too confused!
You're too confused to move!
Something hits you.
You die...
Kikubaaqudgha rasps: "You have failed me!
Welcome... death!"

.........#####.#
.....###. #.#
(..... # #.#
....#. #.# ....#
#.# ....# #.###
....# #...# ....#
###.# ##### . #@#
..# #.# ..# #.#
#.# #o# #.# #.#
#.## #.# (
###..######.#
((####.....).....#
)((.......o#######


You could see an orc.

Vanquished Creatures
  A giant frog zombie (D:3)
  A hound (D:4)
  An orc priest (D:4)
  2 orc wizards
  A worker ant (D:4)
  5 adders
  A giant mite (D:2)
  3 worms
  3 giant geckos
  An ooze (D:1)
  5 orcs
  12 bats
  11 goblins
  6 hobgoblins
  2 jackals (D:1)
  3 quokkas
  2 ball pythons
  4 giant cockroaches
  2 giant newts
  5 kobolds
  11 rats
82 creatures vanquished.

Notes
Turn   | Place    | Note
--------------------------------------------------------------
     0 | D:1      | sscrono2, the Octopode Assassin, began the quest for the Orb.
     0 | D:1      | Reached XP level 1. HP: 14/14 MP: 1/1
   401 | D:1      | Reached XP level 2. HP: 1/19 MP: 2/2
   847 | D:1      | Found an iron altar of Okawaru.
   850 | D:1      | Reached skill level 6 in Stealth
  1005 | D:1      | Reached XP level 3. HP: 10/24 MP: 3/3
  2029 | D:2      | Reached skill level 1 in Spellcasting
  2029 | D:2      | Reached XP level 4. HP: 29/29 MP: 3/5
  2255 | D:2      | HP: 1/29 [poisoned by an adder]
  2331 | D:2      | Reached skill level 7 in Stealth
  2576 | D:2      | Reached XP level 5. HP: 14/34 MP: 7/7
  2942 | D:3      | Found a stormy altar of Qazlal.
  2954 | D:3      | Found a blossoming altar of Fedhas.
  3188 | D:3      | Found a white marble altar of Elyvilon.
  3641 | D:4      | Found a staircase to the Ecumenical Temple.
  3701 | D:4      | Gained mutation: Your system is resistant to poisons. [potion of beneficial mutation]
  3715 | Temple   | Entered the Ecumenical Temple
  3734 | Temple   | Became a worshipper of Kikubaaqudgha
  3759 | D:4      | Reached XP level 6. HP: 17/39 MP: 10/10
  3960 | D:4      | Found a glowing silver altar of Zin.
  4103 | D:4      | Reached skill level 1 in Necromancy
  4109 | D:4      | Reached skill level 8 in Stealth
  4122 | D:4      | HP: 1/40 [orc/hand axe (5)]
  4136 | D:4      | Slain by an orc wizard

Action                   |  1- 3 |  4- 6 || total
-------------------------+-------+-------++-------
Melee: Dagger            |    74 |    74 ||   148
 Fire: Blowgun           |     5 |    10 ||    15
  Use: Scroll            |     9 |     5 ||    14
       Potion            |       |     2 ||     2
 Stab: Sleeping          |    12 |    14 ||    26
       Distracted        |     2 |       ||     2
  Eat: Fruit             |     3 |       ||     3
       Meat ration       |     1 |       ||     1
       Bread ration      |       |     2 ||     2
       Beef jerky        |       |     1 ||     1
